 Dungeon Crawl Stone Soup version 0.19-a0-1697-g0595f0e (webtiles) character file.

13008 kae the Carver (level 12, -14/81 HPs)
             Began as a Formicid Fighter on Sept 26, 2016.
             Was a Priest of Makhleb.
             Demolished by a hill giant
             ... wielding a +0 giant club
              (36 damage)
             ... on level 10 of the Dungeon.
             The game lasted 00:15:20 (11228 turns).

kae the Carver (Formicid Fighter)                  Turns: 11228, Time: 00:15:20

Health: -14/81     AC: 18    Str: 24    XL:     12   Next: 27%
Magic:  29/29      EV:  9    Int: 14    God:    Makhleb [***...]
Gold:   301        SH:  5    Dex: 10    Spells: 0 memorised, 11 levels left

rFire  + . .     SeeInvis +     a - +0 long sword
rCold  . . .     Gourm    .     B - +6 scale mail "Mecvooju" {*Contam rElec rF+}
rNeg   . . .     Faith    .     x - +0 buckler
rPois  .         Spirit   .     (helmet unavailable)
rElec  +         Dismiss  +     y - +0 cloak
rCorr  .         Reflect  .     k - +1 pair of gloves
MR     +....     Harm     .     g - +0 pair of boots
Stlth  ..........               l - amulet of dismissal
                                w - +4 ring of intelligence
                                q - ring of magical power

@: drained
A: permanent stasis, dig shafts and tunnels, four strong arms, antennae 3
a: Dig, Shaft Self, Minor Destruction, Lesser Servant of Makhleb, Renounce
Religion


You were on level 10 of the Dungeon.
You worshipped Makhleb.
Makhleb was most pleased with you.
You were not hungry.

You visited 1 branch of the dungeon, and saw 11 of its levels.
You also visited: Sewer.

You collected 606 gold pieces.
You spent 305 gold pieces at shops.

Inventory:

Hand Weapons
 a - a +0 long sword (weapon)
Armour
 b - a +0 scale mail
 c - a +0 shield
 g - a +0 pair of boots (worn)
 i - a +0 cloak
 k - a +1 pair of gloves (worn)
 x - a +0 buckler (worn)
 y - a +0 cloak (worn)
 B - the +6 scale mail "Mecvooju" (worn) {*Contam rElec rF+}
   (You bought it in a shop on level 7 of the Dungeon)

   It protects you from fire.
   It insulates you from electricity.
   It causes magical contamination when unequipped.
Jewellery
 l - an amulet of dismissal (around neck)
 q - a ring of magical power (left hand)
 w - a +4 ring of intelligence (right hand)
Wands
 e - a wand of lightning (0/15)
 v - a wand of acid (9/15)
 D - a wand of lightning (8/15)
 E - a wand of slowing (34/48)
 G - a wand of teleportation (3/9)
 H - a wand of paralysis (8/24)
Scrolls
 j - 3 scrolls of fear
 m - 2 scrolls of enchant armour
 n - 2 scrolls of remove curse
 r - a scroll of magic mapping
 J - a scroll of recharging
Potions
 d - a potion of mutation
 t - 10 potions of curing
 u - a potion of brilliance
 z - a potion of resistance
 A - 2 potions of invisibility
 F - a potion of cure mutation
 I - a potion of cancellation
Comestibles
 f - 10 bread rations
 h - a slice of pizza
 o - 6 fruits
 p - 7 meat rations
 C - 7 beef jerkies


   Skills:
 - Level 3.2 Fighting
 - Level 14.4(14.3) Long Blades
 - Level 3.2 Armour
 - Level 8.1(8.0) Shields
 + Level 11.7(11.6) Invocations


You had 11 spell levels left.
You didn't know any spells.

Dungeon Overview and Level Annotations

Branches:
Dungeon (11/15)            Temple (0/1) D:7
   Lair: D:8-11         Orc: D:9-12

Altars:
Dithmenos
Elyvilon
Gozag
Makhleb
Nemelex Xobeh
Okawaru
Qazlal
Sif Muna
Trog
Uskayaw
Vehumet
Xom
Zin

Shops:
D:4 =   D:7 [!}(


Innate Abilities, Weirdness & Mutations

You are under a permanent stasis effect.
You can dig through walls and to a lower floor.
Your four strong arms can wield two-handed weapons with a shield.
You have a pair of large antennae on your head. (SInv)


Message History

The hill giant hits you with a giant club!!
You slash the hill giant!
The hill giant is severely wounded.
You hit the hill giant but do no damage.
The hill giant is severely wounded.
The hill giant hits you with a giant club!!
* * * LOW HITPOINT WARNING * * *
You are too injured to fight recklessly!
You are too injured to fight recklessly!
You are too injured to fight recklessly!
You are too injured to fight recklessly!
You are too injured to fight recklessly!
You are too injured to fight recklessly!
You hit the hill giant.
The hill giant is almost dead.
Unknown command.
You barely miss the hill giant.
The hill giant is almost dead.
The hill giant hits you with a giant club!!!
You die...

...........###...........###.....
........................## ##....
........................# #....
......).................## ##....
.........................###.....
.................................
.................................
...###.........C........8........
..## ##.........@[..[............
..# #..........>....##'##......
..## ##...............#[..#......
...###...........[....#._.#......
...................)[.#...#(.....
...)..................#####......
.........................###.....
........................## ##....
.................)......# #....


You could see a hill giant.

Vanquished Creatures
  A death yak (D:7)
  The ghost of ThereIsNoGod the Severer, a novice MiGl of Makhleb (D:9)
  2 manticores (D:7)
  A gargoyle (D:10)
  3 polar bears (D:7)
  Grinder (D:5)
  2 hippogriffs
  5 wraiths
  A wyvern (D:10)
  A hog (D:7)
  9 yaks
  Grum (D:9)
  Duvessa (D:5)
  A water moccasin (D:10)
  2 ice beasts
  2 orc warriors
  4 ogres
  4 sky beasts
  10 black bears
  4 phantoms
  2 necrophages
  2 wolves (D:9)
  5 centaurs
  5 bullfrogs
  2 scorpions
  Dowan (D:5)
  3 killer bees (D:10)
  2 wights
  3 howler monkeys
  3 crimson imps
  A bullfrog zombie (D:6)
  A quasit (D:7)
  A centaur zombie (D:5)
  8 hounds
  A bullfrog skeleton (D:7)
  7 orc priests
  6 orc wizards
  3 centaur skeletons
  An iguana (D:8)
  2 jellies (D:8)
  Natasha (D:3)
  8 worker ants
  A hound skeleton (D:10)
  10 adders
  12 gnolls
  3 river rats
  2 shadow imps (D:7)
  7 worms
  4 dart slugs
  7 leopard geckos
  35 orcs
  6 ball pythons
  5 bats
  7 giant cockroaches
  9 goblins
  2 hobgoblins
  13 jackals
  10 kobolds
  2 quokkas
  7 frilled lizards
  A quokka skeleton (D:4)
  A quokka zombie (D:5)
  21 rats
289 creatures vanquished.

Vanquished Creatures (collateral kills)
  Snorg (D:10)
  Josephine (D:10)
  A hill giant (D:10)
  3 orc priests (D:10)
6 creatures vanquished.

Grand Total: 295 creatures vanquished

Notes
Turn   | Place    | Note
-------+----------+-------------------------------------------
     0 | D:1      | kae the Formicid Fighter began the quest for the Orb.
     0 | D:1      | Reached XP level 1. HP: 18/18 MP: 1/1
    39 | D:1      | Reached XP level 2. HP: 16/24 MP: 2/2
   141 | D:1      | Reached skill level 3 in Long Blades
   280 | D:1      | Reached XP level 3. HP: 29/29 MP: 3/3
   755 | D:2      | Reached skill level 4 in Long Blades
   755 | D:2      | Reached XP level 4. HP: 23/35 MP: 4/4
  1110 | D:2      | Reached XP level 5. HP: 40/41 MP: 5/5
  1443 | D:3      | Reached skill level 5 in Long Blades
  1645 | D:3      | Noticed Natasha
  1647 | D:3      | Killed Natasha
  2040 | D:4      | Reached XP level 6. HP: 37/47 MP: 6/6
  2076 | D:4      | Reached skill level 6 in Long Blades
  2171 | D:4      | Noticed a phantom
  2273 | D:4      | Killed a phantom
  2273 | D:4      | Reached XP level 7. HP: 38/52 MP: 7/7
  2317 | D:4      | Reached skill level 7 in Long Blades
  2390 | D:4      | Found Zocvefeg's Jewellery Boutique.
  2555 | D:4      | Bought a cursed amulet of inaccuracy for 22 gold pieces
  2555 | D:4      | Bought a cursed -6 ring of protection for 22 gold pieces
  2923 | D:4      | Found a shadowy altar of Dithmenos.
  2989 | D:5      | Entered Level 5 of the Dungeon
  3053 | D:5      | Reached skill level 8 in Long Blades
  3254 | D:5      | Noticed Duvessa
  3255 | D:5      | Noticed Dowan
  3263 | D:5      | Killed Dowan
  3273 | D:5      | Killed Duvessa
  3273 | D:5      | Reached XP level 8. HP: 50/58 MP: 8/8
  3286 | D:5      | Reached skill level 9 in Long Blades
  3387 | D:5      | Noticed Grinder
  3398 | D:5      | Killed Grinder
  3446 | D:5      | Found a glowing drain.
  3462 | Sewer    | Entered a sewer
  3691 | Sewer    | Reached skill level 10 in Long Blades
  4024 | D:5      | Found a deep blue altar of Sif Muna.
  4135 | D:6      | Reached XP level 9. HP: 53/63 MP: 9/9
  4183 | D:6      | Reached skill level 11 in Long Blades
  4366 | D:6      | Found a burning altar of Makhleb.
  4550 | D:6      | Became a worshipper of Makhleb the Destroyer
  4599 | D:6      | Found a stormy altar of Qazlal.
  4938 | D:7      | Found a shimmering altar of Xom.
  4949 | D:7      | Found a huge runed gate.
  4950 | D:7      | Found a huge runed gate.
  4950 | D:7      | Noticed a manticore
  4951 | D:7      | Found a huge runed gate.
  4951 | D:7      | Noticed a polar bear
  4951 | D:7      | Noticed a polar bear
  4952 | D:7      | Found a huge runed gate.
  4952 | D:7      | Noticed a death yak
  4952 | D:7      | Noticed a polar bear
  4952 | D:7      | Noticed a hippogriff
  4952 | D:7      | Noticed a manticore
  5053 | D:7      | Found a staircase to the Ecumenical Temple.
  5074 | D:7      | Reached skill level 12 in Long Blades
  5232 | D:7      | Found Buawk's Distillery.
  5246 | D:7      | Reached * piety under Makhleb
  5327 | D:7      | Found a deep blue altar of Sif Muna.
  5400 | D:7      | Found Qonauref's Antique Armour Shoppe.
  5403 | D:7      | Bought a pitted scale mail for 261 gold pieces
  5413 | D:7      | Identified the +6 scale mail "Mecvooju" {*Contam rElec rF+} (You bought it in a shop on level 7 of the Dungeon)
  5458 | D:7      | Found Ibeliat's Gadget Emporium.
  5536 | D:7      | Found a bloodstained altar of Trog.
  5690 | D:7      | Found an opulent altar of Gozag.
  5694 | D:7      | Found a sparkling altar of Nemelex Xobeh.
  5790 | D:7      | Found Weneklo's Weapon Boutique.
  5853 | D:7      | Reached XP level 10. HP: 67/67 MP: 10/10
  5854 | D:7      | Reached skill level 5 in Shields
  5859 | D:7      | Killed a death yak
  5859 | D:7      | Reached skill level 13 in Long Blades
  5870 | D:7      | Killed a manticore
  5926 | D:7      | Reached skill level 14 in Long Blades
  5982 | D:7      | Reached XP level 11. HP: 41/72 MP: 11/11
  6159 | D:7      | Killed a manticore
  6159 | D:7      | Reached ** piety under Makhleb
  6672 | D:8      | Found a hide-covered altar of Uskayaw.
  6672 | D:8      | Noticed a dagger
  6672 | D:8      | Noticed a dagger
  6867 | D:8      | Reached skill level 1 in Invocations
  7094 | D:8      | Found a white marble altar of Elyvilon.
  7192 | D:8      | Found a glowing silver altar of Zin.
  7496 | D:9      | Noticed ThereIsNoGod's ghost (novice MiGl)
  7538 | D:9      | Found an iron altar of Okawaru.
  7539 | D:9      | Found a radiant altar of Vehumet.
  7893 | D:8      | Reached skill level 5 in Invocations
  8704 | D:9      | Killed ThereIsNoGod's ghost
  9048 | D:10     | Entered Level 10 of the Dungeon
  9081 | D:10     | Reached *** piety under Makhleb
  9132 | D:10     | Noticed Josephine
  9884 | D:10     | Noticed Snorg
  9950 | D:10     | Noticed Grum
 10096 | D:9      | Killed Grum
 10096 | D:9      | Reached skill level 10 in Invocations
 10189 | D:10     | Killed Josephine
 10189 | D:10     | Reached XP level 12. HP: 44/81 MP: 19/19
 10354 | D:10     | Killed Snorg
 10375 | D:10     | Found a bloodstained altar of Trog.
 11228 | D:10     | Demolished by a hill giant

Vault maps used:
D:1:      dpeg_arrival_rooms_with_view
D:3:      first_bread, uniq_natasha
D:4:      lemuel_doored_altar, serial_shops, shop
D:5:      nicolae_overflow_crystal_walls, portal_sewer_entry_e, uniq_duvessa,
          uniq_grinder
D:6:      kennysheep_little_box, overflow_temple_1_default,
          minmay_misc_feat_columns
D:7:      lemuel_bear_cage, grunt_temple_overflow_opulence,
          lemuel_crystal_altar, nicolae_overflow_hidden_temple, serial_shops,
          shop, shop, nicolae_shop_behind_doors,
          nicolae_shop_competitors_out_of_business, grunt_ogre_cave,
          led_sif_pool
D:8:      overflow_temple_1_default, elyvilon_altar_4, dancing_weapons_uskayaw
D:9:      gammafunk_temple_overflow_pools
D:10:     david_defended_altar_orc, uniq_grum, uniq_josephine, uniq_snorg
D:11:     grunt_lair_entry_orc_guard_hut, orc_0_dummy, minmay_checkerbox
Sewer:    sewer_co_cracked_pipes

Skill      XL: |  1  2  3  4  5  6  7  8  9 10 11 12 |
---------------+-------------------------------------+-----
Long Blades    | 3 4 5 6 8 10 12 14 | 14.4
Shields        | 4 7 8 |  8.1
Invocations    | 10 11 | 11.7
Fighting       | |  3.2
Armour         | |  3.2

Action                   |  1- 3 |  4- 6 |  7- 9 | 10-12 || total
-------------------------+-------+-------+-------+-------++-------
Melee: Long sword        |    90 |   240 |   500 |   815 ||  1645
Invok: Lesser Servant of |       |       |       |     5 ||     5
Evoke: Wand              |       |       |     4 |     8 ||    12
  Use: Scroll            |       |    10 |     7 |     4 ||    21
       Potion            |       |       |     3 |     5 ||     8
  Eat: Chunk             |       |     5 |    12 |    18 ||    35
Armor: Scale mail        |    33 |    86 |   175 |   327 ||   621
       Skin              |       |       |       |    43 ||    43
Dodge: Dodged            |    38 |    60 |   130 |   214 ||   442
Block: Shield            |    47 |   108 |   135 |       ||   290
       Buckler           |       |       |    24 |   157 ||   181
